 Dungeon Sprint DCSS version 0.30.1 (webtiles) character file.

Game seed: 18173638077533343516

588 boopmooplesden the Cruncher (level 7, -3/46 HPs)
             Began as a Gargoyle Gladiator on July 14, 2023.
             Was a Believer of Trog.
             Slain by a death cob (6 damage)
             ... in the Dungeon (Sprint V: "Ziggurat Sprint").
             The game lasted 00:01:29 (195 turns).

boopmooplesden the Cruncher (Gargoyle Gladiator)     Turns: 195, Time: 00:01:30

Health: -3/46      AC: 24    Str: 32    XL:     7   Next: 38%
Magic:  7/7        EV:  7    Int:  8    God:    Trog [**....]
Gold:   0          SH:  0    Dex: 11    Spells: 6/6 levels left

rFire   + . .        J - +7 lajatang of Order {silver, rMut}
rCold   + . .        (shield currently unavailable)
rNeg    + . .        l - +5 gold dragon scales
rPois   ∞            c - +0 helmet
rElec   +            (no cloak)
rCorr   .            (no gloves)
SInv    .            (no boots)
Will    .....        (no amulet) Stlth
                     E - +6 ring of strength
HPRegen 0.27/turn    D - +6 ring of strength
MPRegen 0.10/turn

%: no teleportation, resist mutation
@: on berserk cooldown, slowed, very slow
A: sickness immunity, AC +4, negative energy resistance 1, electricity
resistance, torment resistance 1, petrification resistance
a: Renounce Religion, Berserk, Trog's Hand


You were in the Dungeon.
You worshipped Trog.
Trog was pleased with you.
You visited 1 branch

Inventory:

Hand Weapons
 a - a +0 quarterstaff
 G - a +5 lajatang
 J - the +7 lajatang of Order (weapon) {silver, rMut}
   (You found it in the Dungeon)

   rMut:      It protects you from mutation.
Missiles
 d - 3 throwing nets (quivered)
 e - a javelin
Armour
 b - a +0 leather armour
 c - a +0 helmet (worn)
 l - +5 gold dragon scales (worn)
Jewellery
 y - a ring of flight
 z - a +6 ring of dexterity
 A - a +6 ring of dexterity
 B - a +6 ring of intelligence
 C - a +6 ring of intelligence
 D - a +6 ring of strength (right hand)
 E - a +6 ring of strength (left hand)
Wands
 v - a wand of mindburst (7)
 w - a wand of iceblast (7)
 x - a wand of quicksilver (7)
 F - a wand of digging (6)
Scrolls
 k - 4 scrolls of blinking
 r - 4 scrolls of amnesia
 s - 7 scrolls of fog
 t - 5 scrolls of identify
 u - 2 scrolls of fear
 K - a scroll of brand weapon
Potions
 f - 10 potions of curing
 g - 10 potions of heal wounds
 h - 6 potions of haste
 i - 7 potions of magic
 j - 3 potions of berserk rage
 m - 2 potions of brilliance
 n - 2 potions of invisibility
 o - 4 potions of resistance
 p - a potion of experience
 q - 5 potions of might
Miscellaneous
 H - a phantom mirror
 I - a phial of floods


   Skills:
 + Level 6.2 Fighting
 + Level 11.0 Staves
 + Level 4.1 Throwing
 + Level 3.5 Armour
 + Level 7.4 Dodging


You had 6 spell levels left.
You didn't know any spells.
Your spell library was empty.

Dungeon Overview and Level Annotations

Branches:
Dungeon (1/1)

Altars:
Ashenzari
Cheibriados
Dithmenos
Elyvilon
Fedhas
Gozag
Hepliaklqana
Kikubaaqudgha
Makhleb
Nemelex Xobeh
Okawaru
Qazlal
Ru
Sif Muna
Trog
Uskayaw
Vehumet
Wu Jian
Xom
Yredelemnul
Zin
The Shining One
Jiyva
Lugonu

Annotations:
D 1 transporter


Innate Abilities, Weirdness & Mutations

You are immune to sickness and miasma.
Your stone body is resilient. (AC +4)
You are immune to poison.
You resist negative energy. (rN+)
You are resistant to electric shocks. (rElec)
You are resistant to unholy torment.
You are immune to petrification.


Message History

You see here the +7 lajatang of Order {silver, rMut}.
J - the +7 lajatang of Order {silver, rMut}
J - the +7 lajatang of Order (weapon)
{silver, rMut}
K - a scroll of brand weapon You start resting.
You feel yourself speed up.
You start resting.
HP restored.
There is a transporter here.
Welcome to arena 4.
You enter the transporter and appear at another place. 2 draconians, a death cob and a red draconian come into view.
The draconian roars! x2; The death cob gives a chilling moan.
The red draconian roars!
Found four items.
Found a transporter.
You're still recovering from your berserk rage.
Okay, then.
The death cob hits you!
The death cob hits you but does no damage. x3
You slash the death cob!
The death cob is lightly damaged.
The death cob barely misses you. The death cob hits you!
You hit the death cob.
The death cob is moderately damaged.
The death cob hits you but does no damage.
The death cob hits you.
You closely miss the death cob.
The death cob is lightly damaged.
The death cob hits you!
* * * LOW HITPOINT WARNING * * *
The death cob drains your vigour!
You feel yourself slow down. The death cob hits you!
* * * LOW HITPOINT WARNING * * *
The death cob drains your vigour!
You feel as though you will be slow longer.
You carve the draconian like a ham!!!
The draconian is severely wounded.
The death cob hits you but does no damage.
The death cob hits you.
You die...

▓..©..▓..©..▓▓▓▓▓▓
▓▓▓▓▓▓▓▓▓▓▓▓▓▓
▓..8©8...▓
▓..})"...▓
▓...?....▓
▓........▓
▓.dd.....▓
▓.▓z...▓.▓
▓.@d©....▓
▓▓▓▓▓▓▓▓▓▓


You could see a death cob and 2 draconians.

Vanquished Creatures
  A tarantella (D)
  A jumping spider (D)
  A necrophage (D)
  2 scorpions (D)
  A crimson imp (D)
  2 shadow imps (D)
  An adder skeleton (D)
9 creatures vanquished.

Notes
Turn   | Place    | Note
-------+----------+-------------------------------------------
     0 | D        | boopmooplesden the Gargoyle Gladiator began the quest for
                  | the Orb.
     0 | D        | Reached XP level 1. HP: 12/12 MP: 1/1
    13 | D        | Found a blossoming altar of Fedhas.
    13 | D        | Found the +6 Majin-Bo {spellvamp, MP+6 Int+6}
    13 | D        | Found the +27 heavy crossbow "Sniper" {heavy, Acc+∞ SInv}
    13 | D        | Found the +10 dark maul {heavy}
    13 | D        | Found the +15 Maxwell's patent armour {-Cast -Tele rElec
                  | Will+ rCorr}
    13 | D        | Found the +18 shield of the Gong {Loud rN+ Will+ rCorr
                  | EV-5}
    13 | D        | Found the +16 obsidian axe {drain, demonic, Mesm Drain Fly
                  | SInv}
    13 | D        | Found the +7 great mace "Firestarter" {flame, immolate,
                  | rFlCloud rF++}
    13 | D        | Found the +6 shillelagh "Devastator" {shatter}
    13 | D        | Found the +11 plutonium sword {Contam Stlth-}
    13 | D        | Found the +8 lance "Wyrmbane" {slay drac, rPois rF+ rC+
                  | AC+3}
    13 | D        | Found the +9 sword of Zonguldrok {reap}
    13 | D        | Found the +13 scythe of Curses {drain, curses, Drain}
    13 | D        | Found the +9 sword of Power {lifebolt}
    13 | D        | Found the +7 mace of Variability {chaos, chaos arc}
    13 | D        | Found the +11 Singing Sword {sonic wave}
    13 | D        | Found the +8 storm bow {elec, penet}
    15 | D        | Found a shimmering blue altar of Sif Muna.
    15 | D        | Found a sacrificial altar of Ru.
    15 | D        | Found a bloodstained altar of Trog.
    15 | D        | Found a stormy altar of Qazlal.
    15 | D        | Found an iron altar of Okawaru.
    15 | D        | Found a sparkling altar of Nemelex Xobeh.
    17 | D        | Found a transporter.
    17 | D        | Found an ancient bone altar of Kikubaaqudgha.
    17 | D        | Found a viscous altar of Jiyva.
    17 | D        | Found a corrupted altar of Lugonu.
    17 | D        | Found a hazy altar of Hepliaklqana.
    17 | D        | Found a burning altar of Makhleb.
    17 | D        | Found an opulent altar of Gozag.
    59 | D        | Became a worshipper of Trog the Wrathful
    71 | D        | Entered arena 2.
    71 | D        | Noticed a necrophage
    71 | D        | Found a transporter.
    79 | D        | Killed a necrophage
    80 | D        | Reached skill level 5 in Staves
    80 | D        | Reached XP level 2. HP: 12/19 MP: 2/2
    80 | D        | Reached XP level 3. HP: 15/23 MP: 3/3
    80 | D        | Reached XP level 4. HP: 18/28 MP: 4/4
   124 | D        | Entered arena 3.
   124 | D        | Found a transporter.
   129 | D        | Reached * piety under Trog
   130 | D        | Reached skill level 6 in Staves
   130 | D        | Reached skill level 1 in Armour
   131 | D        | Reached skill level 5 in Dodging
   132 | D        | Reached ** piety under Trog
   133 | D        | Reached XP level 5. HP: 33/33 MP: 5/5
   137 | D        | Entered arena 4.
   137 | D        | Found the +7 lajatang of Order {silver, rMut}
   137 | D        | Noticed a tarantella
   137 | D        | Noticed a jumping spider
   137 | D        | Found a transporter.
   146 | D        | Reached skill level 7 in Staves
   150 | D        | Reached skill level 8 in Staves
   150 | D        | Reached XP level 6. HP: 40/40 MP: 6/6
   153 | D        | Killed a tarantella
   154 | D        | Reached skill level 5 in Fighting
   154 | D        | Reached skill level 10 in Staves
   157 | D        | Killed a jumping spider
   158 | D        | Reached skill level 11 in Staves
   158 | D        | Reached XP level 7. HP: 34/46 MP: 7/7
   189 | D        | Entered arena 5.
   189 | D        | Noticed a draconian
   189 | D        | Noticed a draconian
   189 | D        | Noticed a death cob
   189 | D        | Noticed a red draconian
   189 | D        | Found a transporter.
   194 | D        | HP: 2/46 [death cob (9)]
   195 | D        | Slain by a death cob

Illustrated notes

Levels and vault maps discovered:
D:        sprint_v [room_start, room_1, room_2, room_3, room_4, room_5, room_6,
          room_7, room_8, room_9, room_10, room_11, room_12, room_13, room_14,
          room_15, room_16, room_17, room_18, room_19, room_20, room_21,
          room_22, room_23, room_24, room_25, room_26, room_27]

Skill      XL: |  1  2  3  4  5  6 |
---------------+-------------------+-----
Fighting       | 3 4 6 |  6.2
Staves         | 5 6 8 11 | 11.0
Throwing       | 2 3 4 |  4.1
Dodging        | 4 5 6 7 |  7.4
Armour         | 1 2 3 |  3.5

Action                     |  1- 3 |  4- 6 |  7- 9 || total
---------------------------+-------+-------+-------++-------
  Melee: Lajatang          |     6 |    22 |     4 ||    32
 Invoke: Berserk           |       |     1 |       ||     1
 Armour: Gold dragon scale |     6 |    29 |     5 ||    40
  Dodge: Dodged            |     1 |    11 |     1 ||    13
